AoeStats
← adan.technology

Black Forest

505813409Analyzed
1v1 RM · 22d ago on Sep 11, 2026· 49m 45s· 2 players
Game mode
Random Map
Map size
Tiny (2 player)
Population
200
Speed
Normal
Resources
Standard
Victory
Conquest
Starting age
Dark Age
Ending age
Imperial Age
RankedLock teamsTeams togetherTeam positionsShared explorationLock speedFull tech treeHidden civsTurbo modeCheats
Victory
Defeat
🇲🇽 Romans · Mexico
912
+16
🇧🇷 Goths · Brazil
905
-16
pulpCheers_
0:32 Loom
15:10 Feudal Age
20:42 Castle Age
18:27 Horse Collar
19:44 Double-Bit Axe
24:25 Bloodlines
24:29 Forging
25:39 Heavy Plow
28:12 Wheelbarrow
29:06 Iron Casting
29:07 Stone Mining
29:07 Gold Mining
31:07 Stone Shaft Mining
33:18 Hand Cart
33:30 Town Watch
34:51 Anarchy
34:57 Scale Mail Armor
35:04 Squires
36:07 Bow Saw
37:54 Town Watch
38:56 Chain Mail Armor
40:20 Man-at-Arms
41:24 Long Swordsman
44:47 Pikeman
50:35 Imperial Age
adan.technology
0:27 Loom
12:47 Feudal Age
13:30 Horse Collar
13:38 Double-Bit Axe
13:50 Gold Mining
17:35 Fletching
19:10 Padded Archer Armor
20:17 Wheelbarrow
19:59 Town Watch
20:51 Forging
20:47 Scale Mail Armor
20:51 Man-at-Arms
25:55 Castle Age
24:04 Stone Mining
26:08 Crossbowman
27:28 Heavy Plow
28:05 Gold Shaft Mining
27:42 Bow Saw
30:23 Hand Cart
31:52 Long Swordsman
31:53 Pikeman
32:33 Squires
34:08 Town Patrol
35:38 Bodkin Arrow
35:59 Leather Archer Armor
38:00 Fishing Lines
38:49 Fervor
38:34 Herbal Medicine
39:17 Iron Casting
38:57 Chain Mail Armor
38:48 Scale Barding Armor
40:27 Elite Skirmisher
45:54 Imperial Age
43:40 Bloodlines
42:50 Light Cavalry
43:31 Husbandry
44:50 Ballistas
48:07 Gillnets
48:40 Conscription
48:41 Comitatenses
47:45 Legionary
47:45 Halberdier
47:59 Capped Ram
49:29 Ring Archer Armor
50:00 Blast Furnace
49:20 Chain Barding Armor
48:37 Onager
Connection lost

Rejoining the realm…

Still unreachable

The connection could not be restored.

Session expired

The server has moved on; the page needs a fresh start.